 Dungeon Crawl Stone Soup version 0.29.1-1-gd02db6906a (webtiles) character file.

Game seed: 2228796577072521429

494 ImASeal the Cudgeller (level 6, -1/62 HPs)
             Began as a Troll Fighter on Sept 19, 2022.
             Was an Initiate of Makhleb.
             Slain by a gnoll
             ... wielding a +0 halberd
              (4 damage)
             ... on level 4 of the Dungeon.
             The game lasted 00:08:27 (3584 turns).

ImASeal the Cudgeller (Troll Fighter)               Turns: 3584, Time: 00:08:27

Health: -1/62      AC:  4    Str: 33    XL:     6   Next: 92%
Magic:  5/5        EV:  9    Int:  4    God:    Makhleb [......]
Gold:   266        SH:  7    Dex:  9    Spells: 5/5 levels left

rFire   . . .      SeeInvis .   a - +0 flail
rCold   . . .      Faith    .   c - +0 kite shield
rNeg    . . .      Spirit   .   b - +0 robe
rPois   .          Reflect  .   (helmet restricted)
rElec   .          Harm     .   (no cloak)
rCorr   .          Rampage  .   (gloves unavailable)
Will    .....                   (boots unavailable)
Stlth   +.........              v - amulet of the acrobat
HPRegen 1.00/turn               m - +6 ring of strength
MPRegen 0.09/turn               (no ring)

@: mighty
A: large, unfitting armour, claws 3, regeneration 1, shaggy fur 1, tough skin 1
a: Renounce Religion


You were on level 4 of the Dungeon.
You worshipped Makhleb.
Makhleb was noncommittal.
You visited 1 branch of the dungeon, and saw 4 of its levels.

You collected 266 gold pieces.

Inventory:

Hand Weapons
 a - a +0 flail (weapon)
Missiles
 e - 36 stones
 k - 4 javelins (quivered)
 x - 3 boomerangs
 A - 2 silver boomerangs
Armour
 b - a +0 robe (worn)
 c - a +0 kite shield (worn)
Jewellery
 m - a +6 ring of strength (left claw)
 v - an amulet of the acrobat (around neck)
Wands
 y - a wand of polymorph (9)
Scrolls
 g - 3 scrolls of summoning {unknown}
 h - a scroll of butterflies {unknown}
 l - 2 scrolls of fear {unknown}
 n - 3 scrolls of teleportation {unknown}
 q - a scroll of enchant armour {unknown}
 s - a scroll of amnesia {unknown}
 w - a scroll of identify {unknown}
 z - a scroll of magic mapping {unknown}
Potions
 d - 3 potions of might
 f - a potion of haste {unknown}
 i - a potion of magic {unknown}
 j - 2 potions of cancellation {unknown}
 o - a potion of mutation {unknown}
 p - a potion of degeneration {unknown}
 r - a potion of flight {unknown}
 t - 2 potions of lignification {unknown}
 u - 2 potions of curing {unknown}
 B - a potion of brilliance {unknown}
 C - a potion of heal wounds {unknown}


   Skills:
 + Level 3.7 Fighting
 + Level 4.4 Maces & Flails
 + Level 0.4 Throwing
 + Level 3.4 Dodging
 + Level 0.3 Stealth
 + Level 3.7 Shields


You had 5 spell levels left.
You didn't know any spells.
Your spell library contained the following spells:

 Spells                   Type           Power      Damage    Failure   Level
 Call Canine Familiar     Summ           0%         N/A       99%         3
 Gell's Gravitas          Tloc           0%         N/A       99%         3
 Lesser Beckoning         Tloc           0%         N/A       99%         3
 Ozocubu's Armour         Ice            0%         N/A       99%         3
 Portal Projectile        Hex/Tloc       0%         N/A       99%         3
 Teleport Other           Tloc           0%         N/A       99%         3
 Leda's Liquefaction      Hex/Erth       0%         N/A       100%        4
 Ozocubu's Refrigeration  Ice            0%         4d7       100%        7


Dungeon Overview and Level Annotations

Branches:
Dungeon (4/15)
 Temple: D:4-7

Altars:
Cheibriados
Dithmenos
Makhleb


Innate Abilities, Weirdness & Mutations

You are too large for most types of armour.
You have claws for hands.
Your natural rate of healing is unusually fast.
You are covered in fur. (AC +1)
You have tough skin. (AC +1)


Message History

The gnoll barely misses you.
You sock the gnoll!
The gnoll is heavily wounded.
The gnoll hits you with a +0 spear. You block the gnoll's attack.
You sock the gnoll!
You kill the gnoll!
Makhleb accepts your kill.
You hit the gnoll.
The gnoll is heavily wounded.
The gnoll hits you with a +0 flail!
The gnoll hits you from afar with a +0 halberd!
You barely miss the gnoll.
The gnoll is heavily wounded.
The gnoll hits you but does no damage. You block the gnoll's attack.
The gnoll hits you from afar with a +0 halberd!
The gnoll hits you with a +0 flail!
You sock the gnoll!
You kill the gnoll!
Makhleb accepts your kill.
The gnoll hits you from afar with a +0 halberd!
You are too injured to fight recklessly!
You are too injured to fight recklessly!
You are too injured to fight recklessly!
You are too injured to fight recklessly!
The gnoll completely misses you. You block the gnoll's attack.
Things that are here:
a +0 flail; a +0 spear You barely miss the gnoll.
You block the gnoll's attack. The gnoll barely misses you.
You thump the gnoll!
The gnoll is almost dead.
The gnoll hits you from afar with a +0 spear!
The gnoll hits you with a +0 halberd!
* * * LOW HITPOINT WARNING * * *
The gnoll hits you from afar with a +0 spear.
* * * LOW HITPOINT WARNING * * *
The gnoll barely misses you.
You feel very mighty all of a sudden. The gnoll hits you with a +0 halberd.
You die...

####.#
..##.# #.#
#.##.# #.#
####.# #.#
## #.# #.#
§###.# #.#
.§##.# #g#
..§..# #g#
.....# #@#
.....# #.#
.§#..#
.######!###
§#####
..........#
##
#######..##
### #..#
#.#######
#..#
#.......#
#..#
#######.#
#..#


You could see 2 gnolls.

Vanquished Creatures
  A sky beast (D:4)
  A bullfrog (D:4)
  A scorpion (D:4)
  An orc priest (D:4)
  A hound (D:4)
  Natasha (D:2)
  An orc wizard (D:4)
  2 gnolls (D:4)
  7 adders
  A worm (D:2)
  A dart slug (D:3)
  12 orcs
  10 bats
  6 endoplasms
  3 giant cockroaches
  5 goblins
  5 hobgoblins
  A jackal (D:1)
  2 quokkas
  10 ball pythons
  A frilled lizard (D:1)
  5 kobolds
  8 rats
86 creatures vanquished.

Notes
Turn   | Place    | Note
-------+----------+-------------------------------------------
     0 | D:1      | ImASeal the Troll Fighter began the quest for the Orb.
     0 | D:1      | Reached XP level 1. HP: 22/22 MP: 0/0
   275 | D:1      | Reached XP level 2. HP: 29/29 MP: 1/1
   360 | D:1      | Reached skill level 2 in Maces & Flails
   974 | D:2      | Reached XP level 3. HP: 16/37 MP: 2/2
  1081 | D:2      | Found a snail-covered altar of Cheibriados.
  1405 | D:2      | Reached XP level 4. HP: 26/45 MP: 3/3
  1504 | D:2      | Noticed Natasha
  1512 | D:2      | Killed Natasha
  1607 | D:3      | Reached skill level 3 in Maces & Flails
  1750 | D:3      | Reached XP level 5. HP: 53/53 MP: 4/4
  2730 | D:4      | Found a shadowy altar of Dithmenos.
  2876 | D:4      | Found a burning altar of Makhleb.
  2886 | D:4      | Became a worshipper of Makhleb the Destroyer
  2974 | D:4      | Noticed a sky beast
  2998 | D:4      | Killed a sky beast
  2999 | D:4      | Reached skill level 4 in Maces & Flails
  2999 | D:4      | Reached XP level 6. HP: 26/61 MP: 5/5
  3583 | D:4      | HP: 2/62 [gnoll/+0 spear (4)]
  3584 | D:4      | Slain by a gnoll

Illustrated notes

Levels and vault maps discovered:
D:1:      minmay_arrival_five_plusses, layout_basic, minmay_pentomino_x2
D:2:      layout_loops_ring, basic_altar, uniq_natasha
D:3:      layout_basic, hangedman_decor_points
D:4:      layout_basic, lemuel_round_altar, nicolae_dithmenos_the_darkroom

Skill      XL: |  1  2  3  4  5 |
---------------+----------------+-----
Maces & Flails | 2 3 4 |  4.4
Fighting       | 3 |  3.7
Shields        | 3 |  3.7
Dodging        | 3 |  3.4
Throwing       | |  0.4
Stealth        | |  0.3

Action                   |  1- 3 |  4- 6 || total
-------------------------+-------+-------++-------
Melee: Flail             |   118 |   179 ||   297
Throw: Stone             |       |     8 ||     8
       Javelin           |       |     2 ||     2
  Use: Potion            |       |     1 ||     1
Armor: Robe              |    58 |    51 ||   109
Dodge: Dodged            |    49 |    77 ||   126
Block: Kite shield       |    53 |    65 ||   118
